 Dungeon Crawl Stone Soup version 0.20-a0-296-gf222164 (webtiles) character file.

532 pkoi the Conjurer (level 7, -6/46 HPs)
             Began as a Human Conjurer on Dec 14, 2016.
             Was an Initiate of Sif Muna.
             Mangled by an ogre
             ... wielding a +0 giant spiked club
              (30 damage)
             ... on level 4 of the Dungeon.
             The game lasted 00:16:51 (6258 turns).

pkoi the Conjurer (Human Conjurer)                  Turns: 6258, Time: 00:16:51

Health: -6/46      AC:  2    Str:  9    XL:     7   Next: 49%
Magic:  7/13       EV: 12    Int: 17    God:    Sif Muna [......]
Gold:   182        SH:  0    Dex: 13    Spells: 3/14 levels left

rFire  . . .     SeeInvis .     k - +0 short sword (speed)
rCold  . . .     Gourm    .     a - +0 robe
rNeg   . . .     Faith    .     (no shield)
rPois  .         Spirit   .     (no helmet)
rElec  .         Reflect  .     (no cloak)
rCorr  .         Harm     .     (no gloves)
MR     .....                    (no boots)
Stlth  ++........               (no amulet)
                                (no ring)
                                (no ring)

@: no status effects
A: no striking features
a: Renounce Religion


You were on level 4 of the Dungeon.
You worshipped Sif Muna.
Sif Muna was noncommittal.
You were not hungry.

You visited 1 branch of the dungeon, and saw 5 of its levels.

You collected 182 gold pieces.

Inventory:

Hand Weapons
 k - a +0 short sword of speed (weapon)
Armour
 a - a +0 robe (worn)
Magical Staves
 m - an uncursed staff of energy
Wands
 i - a wand of slowing (23/48)
Scrolls
 e - a scroll of teleportation
 j - a scroll of blinking {unknown}
 l - 2 scrolls of identify {unknown}
Potions
 f - a potion of curing
 g - a potion of ambrosia
 n - a potion of haste {unknown}
Books
 b - a book of Conjurations

   Spells                             Type                      Level
   a - Magic Dart                     Conjuration                  1
   b - Searing Ray                    Conjuration                  2
   c - Dazzling Spray                 Conjuration/Hexes            3
   d - Fulminant Prism                Conjuration/Hexes            4
   e - Iskenderun's Mystic Blast      Conjuration                  4
   f - Iskenderun's Battlesphere      Conjuration/Charms           5
Comestibles
 c - 5 bread rations
 d - 3 beef jerkies
 h - 3 fruits
 o - 5 chunks of flesh


   Skills:
 - Level 1.0 Short Blades
 - Level 2.0 Dodging
 + Level 2.3 Stealth
 + Level 4.1 Spellcasting
 + Level 6.2 Conjurations
 - Level 2.9 Hexes
 + Level 1.2 Charms


You had 3 spell levels left.
You knew the following spells:

 Your Spells              Type           Power        Failure   Level  Hunger
a - Magic Dart            Conj           ###.         1%          1    None
b - Searing Ray           Conj           ###...       1%          2    ##.....
c - Dazzling Spray        Conj/Hex       ###...       10%         3    ###....
d - Iskenderun's Battles  Conj/Chrm      ###.....     89%         5    ######.


Dungeon Overview and Level Annotations

Branches:
Dungeon (5/15)             Temple (0/1) D:4

Altars:
Sif Muna

Shops:
D:4 }

Annotations:
D:4 4 runed doors


Message History

Aiming: Magic Dart
Press: ? - help, Shift-Dir - straight line, f/p - ogre
Aim: an ogre, wielding a giant spiked club (lightly wounded)
The magic dart hits the ogre.
The ogre is moderately wounded.
Casting: Magic Dart
Confirm with . or Enter, or press ? or * to list all spells.
Aiming: Searing Ray
Press: ? - help, Shift-Dir - straight line, f/p - ogre
Aim: an ogre, wielding a giant spiked club (moderately wounded)
The searing ray hits the ogre.
The ogre is severely wounded.
The ogre closely misses you.
The searing ray hits the ogre.
The ogre is severely wounded.
The ogre hits you with a giant spiked club!!
The searing ray misses the ogre.
The ogre hits you with a giant spiked club!!
Ouch! That really hurt!
You die...

#.#.##
#.........###....#####
+.........'...O.......
.........###....#####
....... #.#O### .....
#....<# ... #####.#
#'# #.# #@#### #.#
#O##># #.# ##.#)#.#
#.# #...#....... ..#
#.......##### ###
...........#
#..###.#...# #..
####### #.


You could see an ogre.

Vanquished Creatures
  An ogre (D:4)
  Blork the orc (D:3)
  A hound (D:4)
  2 orc priests (D:3)
  A centaur skeleton (D:4)
  4 worker ants (D:4)
  A gnoll (D:1)
  8 adders
  An ooze (D:2)
  2 worms
  A dart slug (D:1)
  4 leopard geckos
  5 orcs
  11 bats
  2 giant cockroaches
  10 goblins
  6 hobgoblins
  4 jackals (D:1)
  3 quokkas
  A ball python (D:1)
  8 frilled lizards
  8 kobolds
  11 rats
96 creatures vanquished.

Notes
Turn   | Place    | Note
-------+----------+-------------------------------------------
     0 | D:1      | pkoi the Human Conjurer began the quest for the Orb.
     0 | D:1      | Reached XP level 1. HP: 13/13 MP: 3/3
   141 | D:1      | Reached XP level 2. HP: 19/19 MP: 0/5
   192 | D:1      | Learned a level 2 spell: Searing Ray
   449 | D:1      | Reached XP level 3. HP: 2/24 MP: 0/6
  1408 | D:1      | Reached XP level 4. HP: 30/30 MP: 2/8
  1456 | D:1      | Learned a level 3 spell: Dazzling Spray
  1812 | D:2      | Reached skill level 5 in Conjurations
  2620 | D:3      | Reached skill level 1 in Hexes
  2620 | D:3      | Reached XP level 5. HP: 32/35 MP: 1/9
  3853 | D:3      | Reached XP level 6. HP: 4/41 MP: 2/11
  3863 | D:3      | HP: 2/41 [adder (3)]
  4474 | D:3      | Noticed Blork the orc
  4483 | D:3      | Killed Blork the orc
  4643 | D:3      | Found a deep blue altar of Sif Muna.
  4659 | D:3      | Became a worshipper of Sif Muna the Loreminder
  4764 | D:4      | Found Vuojy's Gadget Shop.
  5254 | D:4      | Noticed an ogre
  5443 | D:4      | Found a large runed door.
  5444 | D:4      | Found a large runed door.
  5461 | D:4      | Reached skill level 6 in Conjurations
  5461 | D:4      | Reached XP level 7. HP: 41/46 MP: 8/12
  5503 | D:4      | Reached skill level 1 in Short Blades
  5782 | D:4      | Learned a level 5 spell: Iskenderun's Battlesphere
  5827 | D:4      | Found a staircase to the Ecumenical Temple.
  5900 | D:4      | Found a large runed door.
  5900 | D:4      | Found a large runed door.
  5949 | D:4      | Reached skill level 1 in Charms
  6099 | D:4      | Noticed a two-headed ogre
  6136 | D:5      | Entered Level 5 of the Dungeon
  6258 | D:4      | Mangled by an ogre

Vault maps used:
D:1:      kilobyte_arrival_exit_the_forest
D:2:      serial_glass, glass_columns_a, glass_columns_a
D:3:      tgw_sif, first_bread
D:4:      zin_statuary, kennysheep_little_box, serial_shops,
          nicolae_shop_statue_plus, minmay_hollow_rounded_squares

Skill      XL: |  1  2  3  4  5  6  7 |
---------------+----------------------+-----
Conjurations   | 5 6 |  6.2
Spellcasting   | 3 4 |  4.1
Hexes          | 1 2 |  2.9
Short Blades   | 1 |  1.0
Charms         | 1 |  1.2
Dodging        | |  2.0
Stealth        | |  2.3

Action                   |  1- 3 |  4- 6 |  7- 9 || total
-------------------------+-------+-------+-------++-------
Melee: Club              |    31 |       |       ||    31
       Short sword       |       |    21 |    28 ||    49
 Cast: Magic Dart        |    50 |    93 |    11 ||   154
       Searing Ray       |     2 |    16 |     7 ||    25
  Use: Potion            |     2 |     4 |       ||     6
       Scroll            |     1 |     2 |       ||     3
 Stab: Sleeping          |       |     2 |       ||     2
  Eat: Chunk             |     2 |    11 |     4 ||    17
       Pizza             |       |     1 |       ||     1
Armor: Robe              |     9 |     5 |     2 ||    16
Dodge: Dodged            |    30 |    32 |    27 ||    89
